 Dungeon Crawl Stone Soup version 0.31-a0-1-g4198be8af4 (webtiles) character file.

Game seed: 9215703714980339454

2245 Pimp the Firebug (level 9, -13/58 HPs)
             Began as a Demonspawn Fire Elementalist on Apr 30, 2023.
             Was a Believer of Vehumet.
             Mangled by a boulder beetle (21 damage)
             ... on level 8 of the Dungeon.
             The game lasted 00:21:40 (9021 turns).

Pimp the Firebug (Demonspawn Fire Elementalist)     Turns: 9021, Time: 00:21:41

Health: -13/58     AC:  5    Str:  9    XL:     9   Next: 15%
Magic:  16/16      EV: 14    Int: 21    God:    Vehumet [**....]
Gold:   475        SH:  0    Dex: 13    Spells: 7/18 levels left

rFire   + + +        v - staff of fire
rCold   x . .        (no shield)
rNeg    . . .        a - +0 robe
rPois   +            (helmet restricted)
rElec   .            A - +0 cloak {rF+}
rCorr   .            (no gloves)
SInv    .            h - +0 pair of boots
Will    .....        n - amulet of magic regeneration
Stlth   +++          p - ring of poison resistance
HPRegen 0.29/turn    y - ring of fire
MPRegen 0.55/turn

%: no passive effects
@: unable to read
A: ignite blood 1, sharp scales 1, demonic magic 3, horns 1, fire resistance 1,
inability to read after injury 1, MP-powered wands
a: Renounce Religion


You were on level 8 of the Dungeon.
You worshipped Vehumet.
Vehumet was pleased with you.
You visited 2 branches of the dungeon, and saw 9 of its levels.

You collected 1441 gold pieces.
You spent 966 gold pieces at shops.

Inventory:

Hand Weapons
 f - a +2 short sword
Missiles
 u - a throwing net
Armour
 a - a +0 robe (worn)
 h - a +0 pair of boots (worn)
 A - a +0 cloak of fire resistance (worn)
Magical Staves
 v - a staff of fire (weapon)
Jewellery
 j - a ring of protection from cold
 m - an amulet of the acrobat
 n - an amulet of magic regeneration (around neck)
 p - a ring of poison resistance (left hand)
 q - a +6 ring of strength
 y - a ring of fire (right hand)
Wands
 x - a wand of flame (38)
 B - a wand of quicksilver (7)
 C - a wand of mindburst (18)
Scrolls
 l - 2 scrolls of immolation
 r - a scroll of poison {unknown}
 t - 3 scrolls of teleportation
 w - 3 scrolls of identify
 D - 2 scrolls of noise {unknown}
 E - a scroll of enchant weapon
 F - a scroll of amnesia {unknown}
Potions
 b - a potion of magic
 c - a potion of attraction
 d - a potion of resistance
 e - a potion of flight
 g - 3 potions of brilliance
 i - a potion of lignification
 k - 2 potions of heal wounds {unknown}
 o - a potion of might {unknown}
 s - a potion of degeneration {unknown}
 z - a potion of invisibility {unknown}


   Skills:
 + Level 0.9 Fighting
 + Level 0.9 Armour
 + Level 5.1 Dodging
 + Level 5.5 Stealth
 + Level 5.2 Spellcasting
 + Level 5.3 Conjurations
 + Level 5.6 Fire Magic


You had 7 spell levels left.
You knew the following spells:

 Your Spells              Type           Power      Damage    Failure   Level
a - Foxfire               Conj/Fire      100%       2x1d9     1%          1
b - Scorch                Fire           100%       2d9       1%          2
c - Flame Wave            Conj/Fire      59%        2d14      11%         4
d - Sticky Flame          Conj/Fire      59%        2d7       11%         4

Your spell library contained the following spells:

 Spells                   Type           Power      Damage    Failure   Level
 Magic Dart               Conj           100%       1d8       1%          1
 Inner Flame              Hex/Fire       38%        N/A       10%         3
 Volatile Blastmotes      Fire/Tloc      76%        2d16      10%         3
 Ignite Poison            Fire/Tmut/Pois 30%        N/A       14%         3
 Call Canine Familiar     Summ           5%         N/A       32%         3
 Portal Projectile        Hex/Tloc       10%        N/A       32%         3
 Leda's Liquefaction      Hex/Erth       2%         N/A       71%         4
 Summon Ice Beast         Ice/Summ       5%         N/A       71%         4
 Summon Mana Viper        Hex/Summ       5%         N/A       96%         5
 Monstrous Menagerie      Summ           2%         N/A       100%        7
 Ignition                 Fire           30%        3d10      100%        8


Dungeon Overview and Level Annotations

Branches:
Dungeon (8/15)             Temple (1/1) D:5
   Lair: D:8-11

Altars:
Ashenzari
Cheibriados
Dithmenos
Fedhas
Gozag
Hepliaklqana
Kikubaaqudgha
Makhleb
Nemelex Xobeh
Okawaru
Qazlal
Ru
Sif Muna
Trog
Uskayaw
Vehumet
Wu Jian
Xom
Yredelemnul

Shops:
D:2 (!   D:4 ?   D:7 **

Annotations:
D:7 2 transporters


Innate Abilities, Weirdness & Mutations

Your demonic aura sometimes causes spilled blood to erupt in flames.
You are partially covered in razor-sharp scales. (AC +1, Slay +1)
Spells you cast and wands you use may paralyse nearby enemies.
You have a pair of small horns on your head.
Your flesh is heat resistant. (rF+)
You occasionally lose the ability to read scrolls when taking damage.
You expend magic power (3 MP) to strengthen your wands.


Message History

The boulder beetle's fire resistance burns away.
Malevolent energies surge around you. The boulder beetle bites you.
Casting: Scorch (safe; 1% risk of failure)
Confirm with . or Enter, or press ? or * to list all spells.
You feel a strong surge of power!
Flames lash the boulder beetle.
The boulder beetle is burned terribly!
The boulder beetle is moderately wounded.
Malevolent energies surge around you.
The boulder beetle suddenly stops moving!
The helpless boulder beetle fails to defend itself.
You hit the boulder beetle but do no damage.
You headbutt the boulder beetle, but do no damage.
The boulder beetle is moderately wounded.
The helpless boulder beetle fails to defend itself.
You hit the boulder beetle but do no damage.
You burn the boulder beetle.
The boulder beetle is moderately wounded.
The helpless boulder beetle fails to defend itself.
You hit the boulder beetle but do no damage.
You headbutt the boulder beetle, but do no damage.
The boulder beetle is moderately wounded.
The helpless boulder beetle fails to defend itself.
You hit the boulder beetle. You burn the boulder beetle.
You headbutt the boulder beetle, but do no damage.
The boulder beetle is moderately wounded.
The boulder beetle is no longer paralysed.
The boulder beetle bites you. The boulder beetle bites you!!
You feel threatened and lose the ability to read scrolls!
* * * LOW HITPOINT WARNING * * *
Okay, then.
You cannot read scrolls in your current state!
The boulder beetle curls into a ball and begins rolling!
The boulder beetle is no longer more vulnerable to fire.
You see here a scroll labelled AGYHOSATEI.
The boulder beetle attacks as you move away!
The boulder beetle closely misses you.
The boulder beetle stops rolling and uncurls.
The boulder beetle attacks as you move away!
The boulder beetle bites you!!
You die...

#...#...# #
#.#####.# #.##
#...#...# #...
####.#.### ####
#.>......# #
#..##.#..### #
#..##.#..... ..
#..#..#..###. ..#
#..#@#....... .
#..#B#...##.
###........##.#
##...##.#.#.....
#................
..........####.##
...............
.#........####.
####.....#


You could see a boulder beetle.

Vanquished Creatures
  Prince Ribbit (D:5)
  Menkaure (D:5)
  2 water moccasins (D:6)
  An ice beast (D:5)
  A black bear (D:5)
  A sky beast (D:7)
  An ogre (D:5)
  A phantom (D:6)
  2 kobold brigands (D:6)
  A scorpion (D:4)
  3 gnoll sergeants
  4 wights (D:7)
  2 howler monkeys (D:7)
  An electric eel (D:7)
  2 hounds
  A jelly (D:4)
  An orc priest (D:5)
  A gnoll bouda (D:6)
  A sleepcap (D:6)
  23 gnolls
  7 adders
  A shadow imp (D:6)
  A white imp (D:6)
  3 ufetubi
  A worm (D:3)
  2 dart slugs (D:2)
  17 orcs
  9 bats
  4 endoplasms
  A giant cockroach (D:2)
  11 goblins
  3 hobgoblins
  4 jackals (D:1)
  A quokka (D:1)
  6 ball pythons
  4 frilled lizards
  17 kobolds
  6 rats
149 creatures vanquished.

Vanquished Creatures (others)
  166 foxfires
166 creatures vanquished.

Grand Total: 315 creatures vanquished

Notes
Turn   | Place    | Note
-------+----------+-------------------------------------------
     0 | D:1      | Pimp the Demonspawn Fire Elementalist began the quest for
                  | the Orb.
     0 | D:1      | Reached XP level 1. HP: 13/13 MP: 3/3
   285 | D:1      | Gained mutation: You are partially covered in razor-sharp
                  | scales. (AC +1, Slay +1) [demonic ancestry]
   285 | D:1      | Reached XP level 2. HP: 19/19 MP: 3/5
   486 | D:1      | Found a faded altar of an unknown god.
  1329 | D:2      | Found Yxuer's Distillery.
  1383 | D:2      | Reached XP level 3. HP: 24/24 MP: 2/6
  1709 | D:2      | Found Emedaf's Weapon Shop.
  2485 | D:3      | Gained mutation: Your demonic aura sometimes causes spilled
                  | blood to erupt in flames. [demonic ancestry]
  2485 | D:3      | Reached XP level 4. HP: 30/30 MP: 3/7
  3274 | D:4      | Found Ysoinypt's Magic Scroll Shoppe.
  3328 | D:4      | Noticed a scorpion
  3340 | D:4      | Killed a scorpion
  3341 | D:4      | Gained mutation: Spells you cast may paralyse adjacent
                  | enemies. [demonic ancestry]
  3341 | D:4      | Reached XP level 5. HP: 25/35 MP: 4/9
  3637 | D:4      | Found a shimmering altar of Xom.
  3638 | D:4      | Found a bloodstained altar of Trog.
  3737 | D:4      | Identified a scroll of acquirement
  3737 | D:4      | Acquired 1157 gold pieces
  4173 | D:5      | Entered Level 5 of the Dungeon
  4176 | D:5      | Noticed an ogre
  4186 | D:5      | Killed an ogre
  4187 | D:5      | Gained mutation: Spells you cast may paralyse nearby
                  | enemies. [demonic ancestry]
  4187 | D:5      | Reached XP level 6. HP: 30/41 MP: 5/10
  4328 | D:5      | Noticed Menkaure
  4414 | D:4      | Learned a level 2 spell: Scorch
  4419 | D:4      | Learned a level 4 spell: Flame Wave
  4429 | D:5      | HP: 2/41 [Menkaure/nerve-wracking pain (6)]
  4590 | D:5      | Killed Menkaure
  4591 | D:5      | Gained mutation: Spells you cast and wands you use may
                  | paralyse nearby enemies. [demonic ancestry]
  4591 | D:5      | Reached XP level 7. HP: 28/46 MP: 1/12
  5014 | D:5      | Found a staircase to the Ecumenical Temple.
  5025 | Temple   | Entered the Ecumenical Temple
  5214 | Temple   | Became a worshipper of Vehumet
  5668 | D:5      | Noticed Prince Ribbit
  5698 | D:5      | Killed Prince Ribbit
  5950 | D:5      | Reached XP level 8. HP: 52/52 MP: 9/14
  6468 | D:6      | Reached * piety under Vehumet
  6468 | D:6      | Offered knowledge of Freeze by Vehumet.
  6478 | D:6      | Reached skill level 5 in Fire Magic
  6687 | D:6      | Reached skill level 5 in Stealth
  6864 | D:6      | Gained mutation: You are occasionally teleported next to
                  | monsters. [potion of mutation]
  6865 | D:6      | Lost mutation: You are occasionally teleported next to
                  | monsters. [potion of mutation]
  6865 | D:6      | Gained mutation: Your flesh is heat resistant. (rF+)
                  | [potion of mutation]
  6865 | D:6      | Gained mutation: You occasionally lose the ability to read
                  | scrolls when taking damage. [potion of mutation]
  6865 | D:6      | Gained mutation: You have a pair of small horns on your
                  | head. [potion of mutation]
  6865 | D:6      | Gained mutation: You expend magic power (3 MP) to
                  | strengthen your wands. [potion of mutation]
  7030 | D:6      | Offered knowledge of Magic Dart by Vehumet.
  7031 | D:6      | Reached skill level 5 in Conjurations
  7032 | D:6      | Reached skill level 5 in Spellcasting
  7220 | D:6      | Reached ** piety under Vehumet
  7921 | D:7      | Found Gypp's Fire Supplies.
  7929 | D:7      | Bought Dicy's Volume of the Wild Haggis for 528 gold pieces
  7929 | D:7      | Bought a ring of fire for 300 gold pieces
  7929 | D:7      | Bought a +0 cloak of fire resistance for 138 gold pieces
  7947 | D:7      | Learned a level 4 spell: Sticky Flame
  8084 | D:7      | Found a transporter.
  8092 | D:7      | Found a transporter.
  8121 | D:7      | Reached skill level 5 in Dodging
  8128 | D:7      | Reached XP level 9. HP: 57/57 MP: 12/16
  8614 | D:7      | Found a broken altar of Ashenzari.
  8614 | D:7      | Found a blossoming altar of Fedhas.
  8657 | D:7      | Found Huasoxtua's Mayhem Merchandise.
  8993 | D:8      | Noticed a boulder beetle
  9021 | D:8      | Mangled by a boulder beetle

Illustrated notes

Levels and vault maps discovered:
D:1:      dpeg_arrival_renting, layout_basic,
          hellmonk_ecumenical_altar_pennies_from_heaven
D:2:      layout_loops_corners, serial_shops, shop, nicolae_shop_stone
D:3:      layout_loops_ring, chequers_serial_rivers_micro_b, minmay_door_square
D:4:      layout_basic, nicolae_overflow_squiral, serial_shops,
          nicolae_shop_stone
D:5:      layout_loops_corners, minmay_temple_entry_mini_moons,
          uniq_prince_ribbit1, uniq_menkaure
D:6:      layout_basic
D:7:      gammafunk_steamed_eel, layout_basic, nicolae_overflow_two_pavilions,
          serial_co_window_serial, co_window_paths_b, co_window_corner_a,
          co_window_corner_a, co_window_paths_a, co_window_paths_a,
          co_window_paths_b, co_window_of_opportunity_b,
          co_window_unsneaky_path_e, co_window_of_opportunity_c,
          co_window_cross_4, glass_columns_a, glass_columns_b,
          nicolae_shop_fire_sale [nicolae_sub_dead_trees], minmay_hedge_maze,
          minmay_shop_mayhem
D:8:      layout_loops_cross, david_lair_shrubbed,
          hellmonk_ghost_happy_afterlife, minivault_24, nrook_uturn
Temple:   regret_index_temple_mists

Skill      XL: |  1  2  3  4  5  6  7  8 |
---------------+-------------------------+-----
Stealth        | 2 3 4 5 |  5.5
Dodging        | 2 3 4 5 |  5.1
Fire Magic     | 3 4 5 |  5.6
Conjurations   | 2 3 4 5 |  5.3
Spellcasting   | 3 4 5 |  5.2
Fighting       | |  0.9
Armour         | |  0.9

Action                     |  1- 3 |  4- 6 |  7- 9 || total
---------------------------+-------+-------+-------++-------
  Melee: Unarmed           |     1 |       |       ||     1
         Short sword       |    51 |    55 |    75 ||   181
         Punch             |       |       |     2 ||     2
         Headbutt          |       |       |    17 ||    17
         Staff             |       |       |    23 ||    23
   Cast: Foxfire           |    49 |    54 |     5 ||   108
         Scorch            |       |     7 |   104 ||   111
    Use: Scroll            |       |     9 |     5 ||    14
         Potion            |       |       |     2 ||     2
   Stab: Sleeping          |     2 |     1 |     2 ||     5
         Paralysed         |       |     2 |    56 ||    58
 Armour: Robe              |    31 |    18 |    18 ||    67
  Dodge: Dodged            |    67 |    70 |    95 ||   232

Table legend: (Time is in decaauts)
 A = Elapsed time spent in this place.
 B = Non-inter-level travel time spent in this place.
 C = Inter-level travel time spent in this place.
 D = Time resting spent in this place.
 E = Time spent auto-exploring this place.
 F = Levels seen in this place.
 G = Mean time per level.
                   A        B        C        D        E       F      G
               +--------+--------+--------+--------+--------+-----+--------+
         Total |   9096 |   8701 |    395 |   1131 |   6048 |   9 | 1010.7 |
       Dungeon |   8763 |   8447 |    316 |   1131 |   5824 |   8 | 1095.4 |
        Temple |    333 |    254 |     79 |      0 |    224 |   1 |  333.0 |
               +--------+--------+--------+--------+--------+-----+--------+

Top non-repeatable levels by time:
     D:5: 1572 daAuts
     D:6: 1524 daAuts
     D:4: 1396 daAuts
     D:2: 1158 daAuts
     D:1: 1135 daAuts
     D:7: 1019 daAuts
     D:3: 873 daAuts
  Temple: 333 daAuts
     D:8: 82 daAuts
